 Dungeon Crawl Stone Soup version 0.17-a0-1635-gd4e48f1 (webtiles) character file.

571 ololoev the Gusty (level 7, 37/50 HPs)
             Began as a Mottled Draconian Air Elementalist on Aug 4, 2015.
             Quit the game in an ossuary.
             The game lasted 00:15:09 (3813 turns).

ololoev the Gusty (DrAE)                            Turns: 3813, Time: 00:15:09

Health: 37/50      AC:  7    Str: 11    XL:     7   Next: 11%
Magic:  6/11       EV: 12    Int: 17    God:
Gold:   222        SH:  0    Dex: 11    Spells: 1 memorised, 11 levels left

rFire  . . .     SeeInvis .     l - +0 short sword
rCold  . . .     Clarity  .     (armour unavailable)
rNeg   . . .     SustAt   .     (no shield)
rPois  .         Gourm    .     (helmet restricted)
rElec  .         Spirit   .     n - +0 cloak
rCorr  .         Warding  .     (no gloves)
rMut   .         Stasis   .     (no boots)
MR     +....                    g - amulet of rage
Stlth  ++........               (no ring)
                                d - ring of protection from magic

@: exhausted, somewhat resistant to hostile enchantments, unstealthy
A: breathe sticky flame splash, unfitting armour, cold-blooded, AC +6
a: Breathe Sticky Flame, Evoke Berserk Rage


Innate Abilities, Weirdness & Mutations

You can spit globs of burning liquid.
You can ignite nearby creatures when you spit burning liquid.
Your weird mottled scales are hard (AC +6).
Your body does not fit into most forms of armour.
You are cold-blooded and may be slowed by cold attacks.

Inventory:

Hand weapons
 l - a +0 short sword (weapon)
Armour
 n - a +0 cloak (worn)
Jewellery
 d - a ring of protection from magic (left hand)
 g - an amulet of rage (around neck)
Magical devices
 m - a wand of polymorph (16)
Scrolls
 k - a scroll of teleportation
Potions
 e - a potion of curing
 f - 2 potions of heal wounds {unknown}
 h - 2 potions of resistance
 j - a potion of magic {unknown}
Books
 a - a book of Air

   Spells                             Type                      Level
   a - Shock                          Conjuration/Air              1
   b - Swiftness                      Charms/Air                   2
   c - Repel Missiles                 Charms/Air                   2
   d - Static Discharge               Conjuration/Air              3
   e - Lightning Bolt                 Conjuration/Air              5
Comestibles
 b - 4 bread rations
 i - 2 slices of pizza


   Skills:
 - Level 1.7 Dodging
 - Level 1.7 Stealth
 - Level 3.0 Spellcasting
 + Level 5.4 Conjurations
 + Level 5.5 Air Magic


You had 11 spell levels left. You knew the following spells: Your Spells Type Power Failure Level Hunger a - Shock Conj/Air ###. 1% 1 None You were in an ossuary. You were very hungry. You visited 1 branch of the dungeon, and saw 4 of its levels. You also visited: Ossuary. You collected 222 gold pieces. #^.^##### #### #^^^# ##'## #.^.# #.^.# #.^.# #^^.# ##'## #.@.# #...# #...# #...# ##+##

Notes
Turn   | Place    | Note
--------------------------------------------------------------
     0 | D:1      | ololoev the Draconian Air Elementalist began the quest for the Orb.
     0 | D:1      | Reached XP level 1. HP: 14/14 MP: 3/3
   540 | D:1      | Reached XP level 2. HP: 20/20 MP: 3/5
  1058 | D:2      | Noticed Jessica
  1062 | D:2      | Killed Jessica
  1062 | D:2      | Reached XP level 3. HP: 26/26 MP: 1/6
  1591 | D:2      | Reached XP level 4. HP: 33/33 MP: 2/8
  2499 | D:3      | Reached XP level 5. HP: 38/38 MP: 6/9
  2546 | D:3      | Noticed Robin
  2592 | D:2      | Killed Robin
  2909 | D:3      | Reached skill level 4 in Conjurations
  3347 | D:4      | Noticed an ogre
  3518 | D:4      | Reached XP level 6. HP: 45/45 MP: 7/10
  3522 | D:4      | Noticed an ogre
  3535 | D:4      | Killed an ogre
  3628 | D:4      | Killed an ogre
  3628 | D:4      | Reached skill level 5 in Conjurations
  3628 | D:4      | Reached skill level 5 in Air Magic
  3734 | D:4      | Found a sand-covered staircase.
  3739 | Ossuary  | Entered an ossuary
  3778 | Ossuary  | Your scales start taking on a weird mottled colour.
  3778 | Ossuary  | Reached XP level 7. HP: 32/50 MP: 0/11
  3813 | Ossuary  | Quit the game

Dungeon Overview and Level Annotations

Branches:
Dungeon (4/15)
 Temple: D:4-7

Altars:


Message History

Unknown command.
You hit the water moccasin zombie.
You feel sick.
The water moccasin zombie bites you but does no damage. x2
You hit the water moccasin zombie.
You feel sick. The water moccasin zombie bites you.
Drink which item? (? for menu, Esc to quit)
You feel better. The water moccasin zombie misses you.
You hit the water moccasin zombie.
You destroy the water moccasin zombie!
You have reached level 7!
Your scales start taking on a weird mottled colour.
Use which ability? (? or * to list)
A red film seems to cover your vision as you go berserk!
You feel yourself moving faster!
You feel mighty!
The water moccasin zombie bites you but does no damage.
Unknown command.
You barely miss the water moccasin zombie.
The water moccasin zombie bites you but does no damage.
You barely miss the water moccasin zombie.
The water moccasin zombie bites you.
You puncture the water moccasin zombie!
You tail-slap the water moccasin zombie!
The water moccasin zombie bites you.
You hit the water moccasin zombie.
The water moccasin zombie bites you but does no damage.
You puncture the water moccasin zombie!
You destroy the water moccasin zombie!
The hobgoblin zombie hits you but does no damage.
There is an open door here.
You hit the hobgoblin zombie.
Your magical contamination has completely faded away.
You puncture the hobgoblin zombie!
You destroy the hobgoblin zombie!
You are no longer berserk.
You are exhausted.
You feel yourself slow down.
You are feeling very hungry.
You start resting.
You feel yourself speed up.
Are you sure you want to abandon this character and quit the game? (Confirm with "yes".)

There were no monsters in sight!

Vanquished Creatures
  2 ogres (D:4)
  2 water moccasin zombies (Ossuary)
  An orc priest (D:3)
  Jessica (D:2)
  A worker ant (D:4)
  Robin (D:2)
  9 adders
  An ooze (D:2)
  4 adder zombies (Ossuary)
  10 orcs
  6 giant cockroaches
  16 goblins
  10 hobgoblins
  5 jackals
  3 quokkas
  A ball python (D:2)
  7 bats
  3 giant geckos
  A giant newt (D:1)
  2 hobgoblin zombies (Ossuary)
  5 kobolds
  A kobold zombie (Ossuary)
  An orc zombie (Ossuary)
  11 rats
104 creatures vanquished.

Action                   |  1- 3 |  4- 6 |  7- 9 || total
-------------------------+-------+-------+-------++-------
Melee: Unarmed           |    10 |    36 |       ||    46
       Short sword       |       |    12 |     7 ||    19
 Cast: Shock             |    45 |   143 |       ||   188
 Abil: Evoke Berserk Rag |       |       |     1 ||     1
  Use: Scroll            |       |     6 |       ||     6
       Potion            |       |     1 |       ||     1
  Eat: Chunk             |     2 |     7 |       ||     9

Vault maps used:
D:1:      mrwooster_arrival_statue, serial_glass, glass_columns_a,
          glass_columns_b, glass_columns_c, glass_columns_a, glass_columns_b,
          glass_columns_b, corner_web_ring
D:2:      uniq_jessica
D:3:      uniq_robin
D:4:      enter_ossuary_3, minmay_crystal_room, st_stairs_4
Ossuary:  ossuary_tomb_2
